Map: Kairos Junction LE

Players

Bly - Winner!

  • Race: Zerg Zerg
  • Spawn Location: 5:00

goblin

  • Race: Protoss Protoss
  • League: Master
  • Spawn Location: 11:00

Event: 2019 WCS Winter Europe

VOD

Have the link to the VOD?

Description

Time

  • Played on: Jan. 31, 2019, 11:08 a.m.
  • Length: 24:59

All games in this series

Show
View Real Time Build Order
Export as new Build Order

Bly Zerg - Winner!

Build Orders: Pool First, Swarm Host 

Get SALT Encoding   

  12  0:01  Drone  
  13  0:12  Overlord  
  13  0:17  Drone  
  14  0:30  Drone x2  
  16  0:41  Spawning Pool  
  15  0:45  Drone  
  15  0:48  Drone  
  17  0:52  Extractor  
  17  0:56  Drone  
  17  1:17  Hatchery  
  16  1:28  Zergling x6  
  21  1:47  Overlord  
  19  1:54  Burrow  
  19  1:58  Roach Warren  
  18  2:04  Drone x2  
  18  2:39  Roach x4  
  26  2:46  Roach  
  26  2:50  Queen  
  30  2:52  Roach  
  32  3:00  Roach  
  34  3:06  Overlord  
  34  3:16  Drone  
  34  3:17  Drone  
  36  3:23  Overlord  
  36  3:26  Drone x2  
  37  3:47  Drone x2  
  37  3:48  Drone x2  
  41  3:51  Roach  
  41  3:54  Drone  
  42  3:57  Roach x6  
  42  4:04  Drone x2  
  42  4:05  Queen, Drone x2  
  42  4:08  Metabolic Boost  
  48  4:23  Drone x3  
  45  4:32  Drone x2  
  41  4:40  Drone x4  
  41  4:45  Extractor  
  44  4:46  Extractor  
  44  4:49  Drone  
  44  4:56  Hatchery  
  44  4:59  Queen  
  41  5:00  Queen  
  45  5:11  Drone x2  
  45  5:12  Drone x2  
  45  5:13  Overlord x3  
  49  5:31  Overlord  
  49  5:43  Spore Crawler  
  49  5:44  Roach x4  
  56  5:50  Roach x7  
  71  5:59  Roach  
  71  6:00  Roach  
  75  6:07  Queen x2  
  75  6:09  Overlord  
  79  6:19  Overlord x4  
  79  6:21  Zergling x4  
  79  6:22  Zergling x2  
  82  6:28  Ravager x4, Spine Crawler  
  82  6:29  Ravager  
  82  6:31  Ravager  
  87  6:35  Zergling x4  
  87  6:39  Zergling x6  
  93  6:40  Zergling x2  
  93  6:50  Zergling x4  
  93  6:51  Zergling x2  
  94  7:05  Lair  
  94  7:09  Roach  
  94  7:10  Roach x2  
  94  7:14  Hatchery  
  99  7:18  Spore Crawler  
  99  7:19  Spore Crawler  
  97  7:30  Drone x2  
  97  7:31  Drone x2  
  97  7:32  Drone x2  
  97  7:33  Roach  
  97  7:34  Roach x2  
  108  7:47  Roach x4  
  116  8:06  Glial Reconstitution  
  116  8:08  Spire  
  116  8:12  Roach, Overlord  
  115  8:13  Overlord  
  114  8:39  Roach x11  
  136  8:42  Extractor  
  136  8:46  Overseer  
  136  8:48  Drone  
  136  8:49  Spire  
  136  8:50  Drone x3  
  137  9:03  Drone  
  137  9:04  Overlord x2  
  137  9:09  Overlord  
  138  9:15  Overlord  
  138  9:18  Overlord  
  138  9:23  Infestation Pit  
  137  9:37  Drone x14  
  151  9:43  Queen x2  
  162  9:45  Roach x4  
  162  9:48  Roach  
  162  9:51  Ravager x3  
  167  10:16  Extractor  
  167  10:18  Extractor  
  164  10:25  Overlord x6  
  164  10:32  Hatchery  
  161  10:38  Drone x2  
  161  10:44  Swarm Host x10  
  191  11:07  Swarm Host x3  
  191  11:08  Hive  
  199  11:20  Spire  
  199  11:24  Overseer  
  198  11:29  Drone x3  
  197  11:33  Overlord  
  197  11:37  Baneling Nest  
  182  12:02  Corruptor x5  
  157  12:17  Corruptor x3  
  157  12:19  Drone x13  
  168  12:38  Extractor  
  168  12:39  Extractor  
  168  12:42  Corruptor  
  168  12:43  Corruptor x3  
  174  12:54  Corruptor  
  176  13:03  Hatchery  
  175  13:11  Zerg Flyer Armor Level 1  
  175  13:23  Hatchery  
  170  13:35  Drone x3  
  170  13:36  Drone  
  170  13:38  Viper x2  
  177  14:06  Corruptor x4  
  177  14:07  Spore Crawler  
  177  14:08  Spore Crawler, Zergling x12  
  177  14:09  Spore Crawler x2  
  187  14:10  Spore Crawler  
  187  14:12  Spore Crawler  
  185  14:24  Corruptor x3  
  182  14:42  Corruptor x3  
  188  14:49  Drone x4  
  188  14:50  Drone x2  
  188  14:51  Drone  
  188  14:52  Drone x4  
  199  14:54  Spine Crawler  
  198  15:06  Greater Spire  
  190  15:50  Corruptor x3  
  190  15:52  Corruptor x2  
  200  16:02  Zerg Flyer Armor Level 2  
  200  16:03  Spore Crawler  
  200  16:04  Spore Crawler x2  
  180  16:32  Brood Lord  
  180  16:33  Brood Lord x7  
  189  17:00  Brood Lord  
  189  17:01  Corruptor x4  
  197  17:24  Spore Crawler  
  197  17:25  Spore Crawler x2  
  197  17:26  Spore Crawler  
  197  17:27  Spore Crawler  
  151  18:01  Corruptor x11  
  167  18:23  Corruptor x5  
  165  18:37  Corruptor  
  165  18:38  Corruptor  
  149  19:08  Viper x2  
  155  19:11  Zergling x24  
  167  19:18  Overseer  
  167  19:19  Overseer x2  
  167  20:03  Roach  
  167  20:05  Hatchery  
  163  20:15  Hatchery  
  163  20:16  Zergling x6  
  165  20:28  Corruptor x7  
  179  20:45  Brood Lord x2  
  181  20:51  Brood Lord  
  181  20:55  Spore Crawler  
  181  20:56  Spore Crawler  
  173  21:09  Pneumatized Carapace  
  173  21:14  Zergling x18  
  177  21:43  Hatchery  
  172  22:01  Extractor  
  172  22:04  Zerg Flyer Armor Level 3  
  172  22:05  Extractor  
  170  22:17  Brood Lord x2  
  170  22:19  Zergling x24  
  184  22:50  Spore Crawler  
  182  22:52  Spore Crawler  
  182  22:53  Spore Crawler x2  
  177  23:04  Roach x9  
  189  23:22  Hatchery  
  184  24:17  Zergling x24  
  196  24:36  Hatchery  
Show
View Real Time Build Order
Export as new Build Order

goblin Protoss 

Build Orders: 1 Gate Expand, Chargelot Immortal 

Get SALT Encoding   

  12  0:00  Probe  
  13  0:12  Probe  
  14  0:19  Pylon  
  14  0:24  Probe  
  15  0:33  Probe  
  15  0:38  Gateway  
  15  0:41  Probe  
  16  0:46  Assimilator  
  17  0:51  Probe  
  18  1:04  Probe  
  19  1:20  Nexus  
  19  1:23  Probe  
  20  1:37  Cybernetics Core  
  21  1:40  Zealot  
  21  1:41  Pylon  
  22  1:52  Assimilator  
  22  1:54  Probe  
  23  2:06  Adept, Gateway  
  23  2:08  Probe  
  26  2:34  Pylon  
  24  2:37  Stalker  
  24  2:40  Robotics Facility  
  24  2:42  Probe  
  28  2:44  Probe  
  28  2:51  Warp Gate  
  28  2:57  Probe x2  
  30  2:59  Shield Battery  
  30  3:07  Probe  
  30  3:09  Probe  
  32  3:15  Probe  
  32  3:16  Immortal  
  33  3:21  Probe  
  33  3:25  Twilight Council  
  34  3:30  Probe  
  34  3:33  Probe  
  39  3:44  Probe  
  39  3:45  Probe  
  33  3:56  Observer, Probe  
  33  4:10  Pylon  
  33  4:13  Pylon  
  31  4:27  Immortal  
  31  4:31  Probe x2  
  34  4:39  Probe  
  34  4:40  Probe  
  36  4:46  Charge  
  36  4:48  Probe  
  36  4:49  Probe  
  38  4:58  Gateway  
  38  5:00  Gateway  
  38  5:02  Gateway  
  38  5:05  Observer  
  38  5:06  Probe  
  40  5:07  Probe  
  40  5:17  Observer, Gateway  
  40  5:19  Probe  
  41  5:24  Gateway  
  41  5:29  Warp Prism  
  43  5:36  Assimilator  
  43  5:42  Stalker  
  45  5:47  Zealot  
  47  6:00  Zealot x3  
  47  6:04  Pylon  
  53  6:05  Pylon  
  53  6:25  Zealot x4  
  55  6:26  Zealot x3  
  55  6:29  Probe x2  
  55  6:30  Pylon  
  69  6:35  Observer  
  69  6:41  Observer, Probe  
  70  6:51  Immortal  
  70  6:56  Observer  
  74  7:01  Probe x2  
  74  7:04  Observer  
  74  7:08  Pylon  
  76  7:09  Probe x2  
  78  7:20  Zealot x3, Probe x2  
  86  7:29  Assimilator  
  86  7:30  Pylon  
  86  7:38  Pylon  
  86  7:39  Pylon  
  85  7:44  Observer  
  86  7:51  Probe x2  
  86  7:58  Immortal  
  88  8:04  Stargate x2  
  88  8:05  Zealot  
  90  8:06  Zealot x2  
  98  8:38  Immortal  
  98  8:40  Phoenix x2  
  103  8:41  Probe x2  
  103  8:47  Nexus  
  104  8:50  Pylon  
  104  8:52  Pylon  
  106  8:58  Probe x2  
  106  9:00  Zealot  
  110  9:09  Phoenix x2  
  114  9:10  Protoss Air Weapons Level 1  
  114  9:18  Pylon  
  114  9:32  Probe x2  
  114  9:34  Phoenix x2  
  114  9:35  Zealot x2  
  124  9:49  Fleet Beacon  
  124  9:50  Assimilator  
  124  9:53  Assimilator  
  116  10:10  Immortal  
  116  10:11  Zealot  
  116  10:12  Zealot  
  120  10:16  Phoenix x2  
  128  10:27  Carrier  
  128  10:28  Sentry  
  128  10:41  Zealot x3  
  128  10:42  Stalker  
  136  10:45  Carrier  
  142  11:03  Protoss Air Weapons Level 2  
  148  11:15  Probe  
  148  11:18  Pylon  
  149  11:20  Pylon  
  149  11:24  Pylon  
  149  11:26  Carrier  
  149  11:34  Anion Pulse-Crystals  
  149  11:36  Probe x3  
  158  11:42  Void Ray  
  126  12:12  Carrier  
  114  12:19  Zealot x3  
  120  12:28  Zealot  
  120  12:29  Zealot x3  
  132  12:32  Carrier  
  138  12:44  Templar Archives  
  138  12:55  Zealot x5  
  148  13:05  Probe x2  
  122  13:09  Void Ray  
  124  13:23  High Templar x4  
  132  13:27  Archon  
  132  13:28  Archon  
  128  13:51  Nexus  
  128  13:55  Void Ray  
  132  14:14  Observer  
  132  14:15  High Templar x4  
  141  14:19  Archon x2  
  141  14:23  Probe  
  138  14:43  Observer  
  140  14:51  High Templar x2  
  140  14:52  Zealot  
  146  14:55  Archon  
  146  14:56  Zealot  
  148  15:11  High Templar  
  148  15:12  High Templar  
  148  15:13  High Templar  
  150  15:24  Zealot, Psionic Storm  
  150  15:27  High Templar  
  154  16:01  Pylon  
  154  16:02  Pylon  
  154  16:04  Pylon  
  154  16:16  Oracle  
  147  16:37  Nexus, Pylon  
  147  16:38  High Templar x2  
  151  16:42  Archon  
  151  16:44  Zealot x2, High Templar x2  
  151  16:45  Zealot  
  161  16:48  Archon  
  161  16:49  Oracle  
  161  17:01  Pylon  
  163  17:12  Zealot x4  
  160  17:35  Zealot  
  118  18:01  Archon x2  
  118  18:02  High Templar x2  
  118  18:03  High Templar x2  
  118  18:04  Zealot x2  
  116  18:47  Zealot  
  116  19:10  Observer  
  117  19:20  Nexus  
  117  19:27  Observer  
  117  19:28  Void Ray  
  119  20:03  Void Ray  
  121  20:16  High Templar  
  118  20:40  Zealot x3  
  118  20:41  Zealot  
  121  20:45  Zealot x2  
  124  22:08  Nexus  
  124  22:35  Observer  
  124  22:39  Zealot  
  117  23:12  High Templar x2  
  119  23:18  Archon  
Tags
 
Add a new tag
Caveats
  • Supply blocks, unpowered buildings, or Contaminate may cause inaccurate times.
  • Supply counts are checked every 10 seconds.